 Dungeon Crawl Stone Soup version 0.25-a0-1078-gea6e5d949a (webtiles) character file.

Game seed: 13364899597753338744, levelgen mode: deterministic

111474 RedPan the Gnoll Aeon (level 16, -22/125 HPs)
             Began as a Gnoll Wanderer on Mar 19, 2020.
             Was the Champion of Cheibriados.
             Annihilated by an eight-headed hydra simulacrum (27 damage)
             ... on level 4 of the Swamp on May 15, 2020.
             The game lasted 02:09:18 (34539 turns).

RedPan the Gnoll Aeon (Gnoll Wanderer)             Turns: 34539, Time: 02:09:21

Health: -22/125    AC: 26    Str: 34    XL:     16   Next: 57%
Magic:  15/30      EV: 21    Int: 33    God:    Cheibriados [******]
Gold:   1870       SH:  0    Dex: 29    Spells: 30/36 levels left

rFire    . . .     SeeInvis .   a - +9 staff of Olgreb {rPois∞}
rCold    . . .     Gourm    .   (no shield)
rNeg     . . .     Faith    .   F - +3 chain mail
rPois    ∞         Spirit   .   I - +2 hat
rElec    .         Reflect  .   B - +2 cloak {+Inv}
rCorr    .         Harm     .   G - +0 pair of gloves
MR       ++...                  d - +0 pair of boots
Stlth    +++.......             h - amulet of magic regeneration
HPRegen  0.30/turn              m - +3 ring of protection
MPRegen  0.47/turn              w - ring of protection from magic

@: very slow
A: distributed training, fangs 1, strong nose
a: Bend Time, Temporal Distortion, Slouch, Step From Time, Renounce Religion,
Evoke Invisibility


You were on level 4 of the Swamp.
You worshipped Cheibriados.
Cheibriados was exalted by your worship.
You were not hungry.

You visited 5 branches of the dungeon, and saw 28 of its levels.
You also visited: Sewer.

You collected 2596 gold pieces.
You spent 726 gold pieces at shops.

Inventory:

Hand Weapons
 a - the +9 staff of Olgreb (weapon) {rPois∞}
   (You found it on level 5 of the Dungeon)

   It grants immunity to poison.
Armour
 d - a +0 pair of boots (worn)
 j - +0 ice dragon scales
 u - a +0 plate armour
 B - a +2 cloak of invisibility (worn)
 F - a +3 chain mail (worn)
 G - a +0 pair of gloves (worn)
 I - a +2 hat (worn)
Jewellery
 h - an amulet of magic regeneration (around neck)
 m - a +3 ring of protection (left hand)
 n - an uncursed ring of poison resistance
 r - an uncursed ring of protection from magic
 w - a ring of protection from magic (right hand)
 M - an uncursed ring of see invisible
 Y - an uncursed ring of protection from cold
Wands
 q - a wand of iceblast (25)
 t - a wand of polymorph (21)
 A - a wand of enslavement (8)
 E - a wand of paralysis (8)
 K - a wand of flame (26)
 L - a wand of removedness (1)
 R - a wand of acid (9)
 U - a wand of disintegration (9)
Scrolls
 c - 3 scrolls of enchant armour
 e - 12 scrolls of identify
 k - 8 scrolls of fog
 y - 2 scrolls of magic mapping
 C - 8 scrolls of teleportation
 D - 13 scrolls of remove curse
 P - a scroll of amnesia
 T - a scroll of blinking
 V - 4 scrolls of enchant weapon
 X - a scroll of fear
Potions
 g - 3 potions of lignification
 i - 6 potions of brilliance
 l - a potion of invisibility
 o - 9 potions of curing
 p - 7 potions of might
 s - 4 potions of flight
 v - 5 potions of stabbing
 x - 2 potions of cancellation
 z - a potion of magic
 H - a potion of mutation
 O - 2 potions of ambrosia
 Q - 2 potions of resistance
 W - a potion of heal wounds
Miscellaneous
 J - a lightning rod (4/4)
 N - a removed crystal ball
 S - a removed lamp of fire
 Z - a lightning rod (4/4)
Comestibles
 f - 48 rations


   Skills:
 + Level 11.0 Fighting
 + Level 10.7 Short Blades
 + Level 11.6 Long Blades
 + Level 10.7 Axes
 + Level 10.7 Maces & Flails
 + Level 10.7 Polearms
 + Level 10.7 Staves
 + Level 10.7 Slings
 + Level 10.7 Bows
 + Level 10.7 Crossbows
 + Level 10.7 Throwing
 + Level 10.7 Armour
 + Level 11.6 Dodging
 + Level 11.0 Stealth
 + Level 10.7 Shields
 + Level 10.7 Unarmed Combat
 + Level 10.7 Spellcasting
 + Level 9.1 Conjurations
 + Level 9.1 Hexes
 + Level 9.1 Charms
 + Level 9.1 Summonings
 + Level 9.1 Necromancy
 + Level 9.1 Translocations
 + Level 9.1 Transmutations
 + Level 9.1 Fire Magic
 + Level 9.1 Ice Magic
 + Level 10.5 Air Magic
 + Level 9.1 Earth Magic
 + Level 9.1 Poison Magic
 + Level 11.6 Invocations
 + Level 11.0 Evocations


You had 30 spell levels left.
You knew the following spells:

 Your Spells              Type           Power        Failure   Level  Hunger
a - Poisonous Vapours     Pois/Air       ######       1%          2    None
b - Summon Ice Beast      Ice/Summ       ######..     1%          4    None

Your spell library contained the following spells:

 Spells                   Type           Power        Failure   Level  Hunger
 Magic Dart               Conj           ####         1%          1    None
 Summon Butterflies       Summ           ######..     1%          1    None
 Blink                    Tloc           N/A          1%          2    None
 Call Imp                 Summ           ######..     1%          2    None
 Corpse Rot               Necr/Air       N/A          1%          2    None
 Searing Ray              Conj           ######       1%          2    None
 Slow                     Hex            ######..     1%          2    None
 Call Canine Familiar     Summ           ######..     1%          3    None
 Confusing Touch          Hex            ######..     1%          3    None
 Conjure Flame            Conj/Fire      ######..     1%          3    None
 Dazzling Flash           Conj/Hex       ######       1%          3    None
 Gell's Gravitas          Tloc           ######....   1%          3    None
 Mephitic Cloud           Conj/Pois/Air  #######.     1%          3    None
 Fulminant Prism          Conj/Hex       ######....   1%          4    None
 Iskenderun's Mystic Bla  Conj/Tloc      ######..     1%          4    None
 Petrify                  Tmut/Erth      ######..     1%          4    None
 Metabolic Englaciation   Hex/Ice        ######....   5%          5    ##.....
 Summon Mana Viper        Hex/Summ       ######..     5%          5    ##.....
 Yara's Violent Unravell  Hex/Tmut       ######....   5%          5    ##.....
 Summon Hydra             Summ           ######....   86%         7    ######.


Dungeon Overview and Level Annotations

Branches:
Dungeon (15/15)            Temple (1/1) D:4            Lair (6/6) D:10
  Swamp (4/4) Lair:2        Snake (0/4) Lair:2        Slime (0/5) Lair:6
    Orc (2/2) D:12            Elf (0/3) Orc:2        Vaults (0/5) D:13
 Depths (0/5) D:15          Sewer (visited)

Altars:
Ashenzari
Cheibriados
Dithmenos
Elyvilon
Fedhas
Gozag
Kikubaaqudgha
Nemelex Xobeh
Okawaru
Qazlal
Ru
Sif Muna
Trog
Uskayaw
Vehumet
Wu Jian
Xom
Yredelemnul
Zin
The Shining One
Beogh

Shops:
D:14 (   Orc:2 [!==

Annotations:
D:5 1 runed translucent door


Innate Abilities, Weirdness & Mutations

Your experience applies equally to all skills.
You have very sharp teeth.
Your uncanny sense of smell can sniff out nearby items.


Message History

You hit the eight-headed hydra simulacrum.
You envenom the eight-headed hydra simulacrum.
The eight-headed hydra simulacrum is lightly damaged.
Your ice beast hits the eight-headed hydra simulacrum.
Your ice beast freezes the eight-headed hydra simulacrum.
The eight-headed hydra simulacrum completely resists.
The eight-headed hydra simulacrum closely misses you.
The eight-headed hydra simulacrum completely misses you.
The eight-headed hydra simulacrum bites you!
The eight-headed hydra simulacrum freezes you!!
The eight-headed hydra simulacrum bites you.
The eight-headed hydra simulacrum freezes you!!!
* * * LOW HITPOINT WARNING * * *
The eight-headed hydra simulacrum barely misses you.
The eight-headed hydra simulacrum bites you but does no damage.
The eight-headed hydra simulacrum barely misses you.
The eight-headed hydra simulacrum bites you.
* * * LOW HITPOINT WARNING * * *
The eight-headed hydra simulacrum freezes you!!
You die...

♣♣♣♣♣♣ ♣♣♣♣♣≈..Y♣♣♣♣♣♣♣
♣♣.♣≈≈≈≈≈≈.♣♣..≈♣ ∆
♣.÷.≈≈≈≈≈○@..§≈≈♣
♣..≈.≈..≈≈≈≈≈YZ.≈≈.≈♣♣♣♣ ♣♣♣
♣≈....Z.≈♣.≈≈≈≈.≈..≈.≈..♣♣ ♣♣.[♣
..≈.≈≈....≈≈≈≈≈♣♣.≈......♣♣♣≈≈.≈
.≈≈≈.♣.≈≈.≈≈≈≈≈♣♣..≈..≈.....≈≈≈♣
♣....≈≈≈≈≈.≈≈.♣♣♣≈.≈.≈≈≈.≈≈..♣♣♣
....≈≈.♣♣.≈≈.≈..§≈≈≈≈≈♣♣..≈♣...≈
♣..≈.[. .≈≈≈≈...≈≈≈≈≈≈≈.♣....≈≈≈
.♣....[≈≈≈≈≈≈≈.♣.≈...≈≈


You could see an eight-headed hydra simulacrum and 2 friendly ice beasts.

Vanquished Creatures
  Aizul (Swamp:1)
  Snorg (D:10)
  A fire dragon (D:15)
  An ice dragon (Swamp:4)
  2 hydras
  Erolcha (D:9)
  2 shambling mangroves
  A ghost crab (Swamp:2)
  5 alligators
  A death knight (D:15)
  2 catoblepae
  6 two-headed ogres
  A centaur warrior (D:13)
  12 death yaks
  Nergalle (D:10)
  A skeletal warrior (D:15)
  An unseen horror (D:14)
  A lindwurm (Lair:6)
  7 ugly things
  4 orc knights (Orc:2)
  A cyclops (D:14)
  An orc sorcerer (Orc:2)
  A deep elf mage (D:14)
  11 elephants
  Maurice (D:8)
  A black mamba (Lair:5)
  Joseph (D:7)
  Psyche (D:12)
  10 spiny frogs
  A torpor snail (Lair:3)
  A gargoyle (D:15)
  6 komodo dragons
  4 freezing wraiths
  2 rime drakes
  2 trolls
  A polar bear (Lair:6)
  4 tyrant leeches
  12 slime creatures
  7 hornets
  11 hippogriffs
  13 blink frogs
  3 bog bodies
  13 dream sheep
  2 spriggans (Swamp:2)
  2 vampires (D:13)
  A shadow (D:11)
  2 wraiths (Orc:2)
  3 hogs (D:7)
  2 basilisks
  4 wyverns
  A hungry ghost (D:11)
  52 yaks
  Grum (Lair:1)
  2 steam dragons (D:9)
  3 vampire mosquitoes
  3 humans
  6 insubstantial wisps
  3 swamp worms
  5 soldier ants
  7 hydra simulacra (Swamp:4)
  13 water moccasins
  Duvessa (D:6)
  9 porcupines
  A black bear (D:12)
  21 orc warriors
  10 ice beasts
  A phantom (D:10)
  3 sky beasts
  A necrophage (D:8)
  9 ogres
  An eye of draining (D:10)
  27 wolves
  20 centaurs
  16 crocodiles
  19 bullfrogs
  A big kobold (D:13)
  2 gnoll sergeants
  Dowan (D:6)
  6 scorpions
  A water moccasin zombie (D:9)
  18 killer bees
  15 wights
  An electric eel (Lair:6)
  2 howler monkeys
  5 crimson imps
  4 bullfrog zombies
  3 centaur zombies
  2 jellies (Lair:6)
  5 hounds
  14 orc wizards
  4 centaur skeletons
  11 orc priests
  Crazy Yiuf (D:2)
  6 iguanas
  Terence (D:3)
  Jessica (D:3)
  13 worker ants
  2 yak simulacra (D:14)
  4 polar bear simulacra (D:14)
  A wolf simulacrum (D:14)
  A worker ant zombie (D:9)
  10 gnolls
  17 adders
  7 river rats (Sewer)
  3 shadow imps
  3 oozes
  3 swamp drake simulacra (Swamp:4)
  An adder skeleton (D:9)
  An adder zombie (D:8)
  A worm (D:3)
  4 dart slugs
  6 leopard geckos
  46 orcs
  8 giant cockroaches
  8 goblins
  8 hobgoblins
  12 jackals
  3 quokkas
  A ball python (D:1)
  6 bats
  13 frilled lizards
  16 kobolds
  A leopard gecko zombie (D:9)
  20 rats
  4 river rat simulacra (D:14)
  A butterfly (Lair:2)
  A plant (D:10)
740 creatures vanquished.

Vanquished Creatures (collateral kills)
  Frances (Swamp:1)
  A thorn hunter (Swamp:4)
  Louise (Swamp:2)
  Josephine (Orc:2)
  An ogre mage (D:15)
  A fire dragon (D:15)
  8 hydras
  A ghost crab (Swamp:4)
  A shambling mangrove (Swamp:4)
  A deep troll shaman (Lair:6)
  A two-headed ogre (D:13)
  2 alligators
  6 death yaks (Lair:6)
  3 spriggan druids
  A necromancer (D:14)
  2 orc knights (Orc:2)
  4 ugly things
  A manticore (D:11)
  A black mamba (Lair:5)
  5 spiny frogs
  A rime drake (Lair:4)
  A polar bear (Lair:5)
  2 hornets (Swamp:2)
  4 tyrant leeches
  3 trolls
  12 slime creatures
  4 hippogriffs
  5 blink frogs
  3 spriggans (Swamp:2)
  A wraith (Orc:2)
  8 yaks
  A wyvern (D:13)
  6 vampire mosquitoes
  2 swamp worm simulacra (Swamp:4)
  4 insubstantial wisps
  6 swamp worms
  An acid dragon (D:14)
  4 hydra simulacra (Swamp:4)
  2 water moccasins (Lair:6)
  10 orc warriors (Orc:2)
  A porcupine (Lair:5)
  3 centaurs
  2 swamp drakes
  A phantom (D:14)
  A wolf (Lair:6)
  3 ogres
  3 crocodiles
  2 bullfrogs
  A scorpion (D:13)
  A wight (D:14)
  3 howler monkeys
  A crimson imp (D:14)
  A hound (D:13)
  3 orc wizards (Orc:2)
  2 orc priests (Orc:2)
  A centaur skeleton (D:12)
  2 swamp drake simulacra (Swamp:4)
  3 orcs
  A quokka (D:12)
  A fungus (Lair:5)
159 creatures vanquished.

Vanquished Creatures (others)
  2 alligators (Swamp:4)
  A hornet (Swamp:4)
  7 dream sheep
  A soldier ant (D:5)
  A human (D:7)
  A killer bee (D:5)
  An orc wizard (Orc:2)
  17 fungi
  33 plants
64 creatures vanquished.

Grand Total: 963 creatures vanquished

Notes
Turn   | Place    | Note
-------+----------+-------------------------------------------
     0 | D:1      | RedPan the Gnoll Wanderer began the quest for the Orb.
     0 | D:1      | RedPan set off with the following items: a +0 club, 3
                  | throwing nets, a +0 leather armour, a ration; and the
                  | following spells available to memorise: Corpse Rot,
                  | Poisonous Vapours
     0 | D:1      | Reached XP level 1. HP: 17/17 MP: 2/2
   284 | D:1      | Reached XP level 2. HP: 20/23 MP: 3/3
   748 | D:1      | Reached XP level 3. HP: 28/28 MP: 4/4
  1042 | D:1      | Reached skill level 1 in Invocations
  1281 | D:2      | Found a runed translucent door.
  1282 | D:2      | Noticed Crazy Yiuf
  1429 | D:2      | Learned a level 2 spell: Poisonous Vapours
  1451 | D:2      | Reached skill level 1 in Short Blades
  1451 | D:2      | Reached skill level 1 in Axes
  1451 | D:2      | Reached skill level 1 in Maces & Flails
  1451 | D:2      | Reached skill level 1 in Polearms
  1451 | D:2      | Reached skill level 1 in Staves
  1451 | D:2      | Reached skill level 1 in Slings
  1451 | D:2      | Reached skill level 1 in Bows
  1451 | D:2      | Reached skill level 1 in Crossbows
  1451 | D:2      | Reached skill level 1 in Throwing
  1451 | D:2      | Reached skill level 1 in Armour
  1451 | D:2      | Reached skill level 1 in Shields
  1451 | D:2      | Reached skill level 1 in Unarmed Combat
  1451 | D:2      | Reached skill level 1 in Spellcasting
  1451 | D:2      | Reached XP level 4. HP: 34/34 MP: 2/6
  1636 | D:2      | HP: 1/34 [worm (7)]
  2310 | D:2      | Found a faded altar of an unknown god.
  2467 | D:2      | Killed Crazy Yiuf
  2467 | D:2      | Reached skill level 1 in Conjurations
  2467 | D:2      | Reached skill level 1 in Hexes
  2467 | D:2      | Reached skill level 1 in Charms
  2467 | D:2      | Reached skill level 1 in Summonings
  2467 | D:2      | Reached skill level 1 in Necromancy
  2467 | D:2      | Reached skill level 1 in Translocations
  2467 | D:2      | Reached skill level 1 in Transmutations
  2467 | D:2      | Reached skill level 1 in Fire Magic
  2467 | D:2      | Reached skill level 1 in Ice Magic
  2467 | D:2      | Reached skill level 1 in Earth Magic
  2467 | D:2      | Reached skill level 1 in Poison Magic
  2506 | D:3      | Reached XP level 5. HP: 36/40 MP: 2/7
  2577 | D:3      | Noticed Terence
  2587 | D:3      | Killed Terence
  2654 | D:3      | Noticed Jessica
  2656 | D:3      | Killed Jessica
  2897 | D:3      | Noticed a dream sheep
  2897 | D:3      | Noticed a dream sheep
  2897 | D:3      | Noticed a dream sheep
  2897 | D:3      | Noticed a dream sheep
  2897 | D:3      | Noticed a dream sheep
  2897 | D:3      | Found a shimmering altar of Xom.
  2902 | D:3      | Killed a dream sheep
  2902 | D:3      | Killed a dream sheep
  2902 | D:3      | Killed a dream sheep
  2902 | D:3      | Killed a dream sheep
  2902 | D:3      | Killed a dream sheep
  3158 | D:3      | Found a glowing drain.
  3162 | Sewer    | Entered a sewer
  3219 | Sewer    | Reached XP level 6. HP: 26/47 MP: 5/8
  4158 | D:4      | Reached skill level 5 in Long Blades
  4158 | D:4      | Reached skill level 5 in Dodging
  4299 | D:4      | Found a staircase to the Ecumenical Temple.
  4317 | Temple   | Entered the Ecumenical Temple
  4342 | Temple   | Became a worshipper of Cheibriados the Contemplative
  4427 | D:4      | Reached XP level 7. HP: 52/52 MP: 1/10
  4718 | D:4      | Found a shadowy altar of Dithmenos.
  5222 | D:5      | Entered Level 5 of the Dungeon
  5307 | D:5      | Found the +9 staff of Olgreb {rPois∞}
  5307 | D:5      | Noticed a soldier ant
  5307 | D:5      | Noticed a soldier ant
  5308 | D:5      | Found a runed translucent gate.
  5308 | D:5      | Found a runed translucent gate.
  5309 | D:5      | Found a runed translucent door.
  5315 | D:5      | Found a runed translucent door.
  5339 | D:5      | Noticed a soldier ant
  5339 | D:5      | Noticed a soldier ant
  5340 | D:5      | Found a runed translucent gate.
  5366 | D:5      | Noticed a soldier ant
  5751 | D:5      | Found a white marble altar of Elyvilon.
  5973 | D:5      | Killed a soldier ant
  5973 | D:5      | Reached XP level 8. HP: 31/60 MP: 12/12
  5998 | D:5      | Reached * piety under Cheibriados
  6301 | D:5      | Reached XP level 9. HP: 36/66 MP: 3/14
  6991 | D:6      | Reached ** piety under Cheibriados
  7343 | D:6      | Found a sacrificial altar of Ru.
  7446 | D:6      | Noticed Duvessa
  7453 | D:6      | Killed Duvessa
  7453 | D:6      | Noticed Dowan
  7461 | D:6      | Killed Dowan
  7599 | D:6      | Reached skill level 5 in Fighting
  7599 | D:6      | Reached skill level 5 in Evocations
  7911 | D:7      | Noticed Joseph
  7928 | D:7      | Killed Joseph
  7928 | D:7      | Reached skill level 5 in Stealth
  8276 | D:7      | Found an ancient bone altar of Kikubaaqudgha.
  8425 | D:7      | Reached skill level 5 in Invocations
  8427 | D:7      | Reached XP level 10. HP: 55/74 MP: 3/17
  8923 | D:8      | Reached skill level 5 in Short Blades
  8923 | D:8      | Reached skill level 5 in Axes
  8923 | D:8      | Reached skill level 5 in Maces & Flails
  8923 | D:8      | Reached skill level 5 in Polearms
  8923 | D:8      | Reached skill level 5 in Staves
  8923 | D:8      | Reached skill level 5 in Slings
  8923 | D:8      | Reached skill level 5 in Bows
  8923 | D:8      | Reached skill level 5 in Crossbows
  8923 | D:8      | Reached skill level 5 in Throwing
  8923 | D:8      | Reached skill level 5 in Armour
  8923 | D:8      | Reached skill level 5 in Shields
  8923 | D:8      | Reached skill level 5 in Unarmed Combat
  8923 | D:8      | Reached skill level 5 in Spellcasting
  8949 | D:8      | Reached *** piety under Cheibriados
  8973 | D:8      | Noticed Maurice
  8983 | D:8      | Killed Maurice
  9538 | D:8      | Found a stormy altar of Qazlal.
 10036 | D:9      | Noticed Erolcha
 10103 | D:8      | Reached **** piety under Cheibriados
 10378 | D:9      | Killed Erolcha
 10378 | D:9      | Reached XP level 11. HP: 73/82 MP: 1/19
 10490 | D:9      | Found a glowing silver altar of Zin.
 10708 | D:9      | Noticed a two-headed ogre
 10712 | D:9      | Killed a two-headed ogre
 10873 | D:9      | Reached skill level 5 in Conjurations
 10873 | D:9      | Reached skill level 5 in Hexes
 10873 | D:9      | Reached skill level 5 in Charms
 10873 | D:9      | Reached skill level 5 in Summonings
 10873 | D:9      | Reached skill level 5 in Necromancy
 10873 | D:9      | Reached skill level 5 in Translocations
 10873 | D:9      | Reached skill level 5 in Transmutations
 10873 | D:9      | Reached skill level 5 in Fire Magic
 10873 | D:9      | Reached skill level 5 in Ice Magic
 10873 | D:9      | Reached skill level 5 in Earth Magic
 10873 | D:9      | Reached skill level 5 in Poison Magic
 11081 | D:9      | Found a hide-covered altar of Uskayaw.
 11083 | D:9      | Reached ***** piety under Cheibriados
 11421 | D:9      | Found a sparkling altar of Nemelex Xobeh.
 11685 | D:9      | Found an opulent altar of Gozag.
 11748 | D:10     | Entered Level 10 of the Dungeon
 11934 | D:10     | Found a staircase to the Lair.
 12240 | D:10     | Noticed Snorg
 12258 | D:10     | HP: 3/83 [Snorg (9)]
 12264 | D:10     | Killed Snorg
 12671 | D:10     | Noticed Nergalle
 12680 | D:10     | Killed Nergalle
 12906 | Lair:1   | Entered Level 1 of the Lair of Beasts
 12998 | Lair:1   | Reached XP level 12. HP: 80/91 MP: 11/22
 13124 | Lair:1   | Noticed Grum
 13132 | Lair:1   | Killed Grum
 13933 | Lair:2   | Noticed a four-headed hydra
 13936 | Lair:2   | Noticed a death yak
 13936 | Lair:2   | a four-headed hydra changed into a death yak
 13951 | Lair:2   | Killed a death yak
 14452 | Lair:2   | Found a staircase to the Swamp.
 14521 | Lair:2   | Reached ****** piety under Cheibriados
 14602 | Lair:2   | Learned a level 4 spell: Summon Ice Beast
 14845 | Lair:2   | Found a staircase to the Snake Pit.
 15021 | Lair:3   | Noticed a catoblepas
 15036 | Lair:3   | Killed a catoblepas
 15497 | Lair:3   | Reached XP level 13. HP: 81/98 MP: 11/24
 18323 | Lair:5   | Got a bloodstained trident
 18324 | Lair:5   | Identified the cursed +1 trident of Duep {elec, Str+2
                  | Int+3} (You found it on level 5 of the Lair of Beasts)
 18696 | Lair:6   | Entered Level 6 of the Lair of Beasts
 18904 | Lair:6   | Reached XP level 14. HP: 48/108 MP: 4/26
 19175 | Lair:6   | Reached skill level 10 in Long Blades
 19175 | Lair:6   | Reached skill level 10 in Dodging
 19185 | Lair:6   | Found a staircase to the Slime Pits.
 20403 | Lair:6   | Reached skill level 10 in Invocations
 22000 | D:11     | Found a roughly hewn altar of Beogh.
 22580 | D:12     | Noticed Psyche
 22587 | D:12     | Killed Psyche
 22602 | D:12     | Found an iron altar of Okawaru.
 22627 | D:12     | Found a staircase to the Orcish Mines.
 22851 | D:12     | Found a frozen archway.
 22968 | D:12     | Reached XP level 15. HP: 85/115 MP: 19/28
 23739 | D:13     | Reached skill level 10 in Fighting
 23739 | D:13     | Reached skill level 10 in Evocations
 23964 | D:13     | Found a gate to the Vaults.
 24260 | D:13     | Reached skill level 10 in Stealth
 24409 | D:14     | Found Ajuxe's Weapon Shoppe.
 24838 | D:14     | Found a shimmering altar of Xom.
 25724 | D:15     | Entered Level 15 of the Dungeon
 25737 | D:15     | Reached skill level 10 in Air Magic
 26406 | D:15     | Reached skill level 10 in Short Blades
 26406 | D:15     | Reached skill level 10 in Axes
 26406 | D:15     | Reached skill level 10 in Maces & Flails
 26406 | D:15     | Reached skill level 10 in Polearms
 26406 | D:15     | Reached skill level 10 in Staves
 26406 | D:15     | Reached skill level 10 in Slings
 26406 | D:15     | Reached skill level 10 in Bows
 26406 | D:15     | Reached skill level 10 in Crossbows
 26406 | D:15     | Reached skill level 10 in Throwing
 26406 | D:15     | Reached skill level 10 in Armour
 26406 | D:15     | Reached skill level 10 in Shields
 26406 | D:15     | Reached skill level 10 in Unarmed Combat
 26406 | D:15     | Reached skill level 10 in Spellcasting
 26594 | D:15     | Found a shadowy altar of Dithmenos.
 27443 | D:15     | Found a staircase to the Depths.
 27541 | Orc:1    | Entered Level 1 of the Orcish Mines
 27611 | Orc:2    | Entered Level 2 of the Orcish Mines
 28291 | Orc:2    | Found Igakhlog's Distillery.
 28291 | Orc:2    | Found Catod's Jewellery Emporium.
 28293 | Orc:2    | Found Kyxoick's Jewellery Shoppe.
 28295 | Orc:2    | Found Velig's Antique Armour Shop.
 28299 | Orc:2    | Bought a potion of invisibility for 136 gold pieces
 28299 | Orc:2    | Bought a potion of heal wounds for 85 gold pieces
 28299 | Orc:2    | Bought a potion of berserk rage for 85 gold pieces
 28350 | Orc:2    | Bought an uncursed amulet of magic regeneration for 420
                  | gold pieces
 28505 | Orc:2    | Noticed Josephine
 28515 | Orc:2    | Killed Josephine
 28862 | Orc:2    | Found a staircase to the Elven Halls.
 29327 | Swamp:1  | Entered Level 1 of the Swamp
 29386 | Swamp:1  | Upgraded the game from 0.25-a0-632-g7713895373 to
                  | 0.25-a0-634-gd1561dc703
 29450 | Swamp:1  | Reached XP level 16. HP: 94/124 MP: 25/30
 29886 | Swamp:1  | Noticed Frances
 29891 | Swamp:1  | Noticed Aizul
 29904 | Swamp:1  | Killed Frances
 29949 | Swamp:1  | Killed Aizul
 32200 | Swamp:3  | Noticed Louise
 32352 | Swamp:2  | Killed Louise
 33248 | Swamp:4  | Entered Level 4 of the Swamp
 33532 | Swamp:4  | Noticed a thorn hunter
 33544 | Swamp:4  | Killed a thorn hunter
 33940 | Swamp:4  | Upgraded the game from 0.25-a0-634-gd1561dc703 to
                  | 0.25-a0-1078-gea6e5d949a
 34539 | Swamp:4  | HP: 5/125 [eight-headed hydra simulacrum (5)]
 34539 | Swamp:4  | Annihilated by an eight-headed hydra simulacrum

Illustrated notes

Levels and vault maps discovered:
D:1:      dpeg_arrival_round_b, layout_loops_ring
D:2:      layout_loops_ring, chequers_ecumenical_altar_simple, first_ration,
          uniq_crazy_yiuf_cottage
D:3:      layout_rooms, kb_xom_exploding_sheep, gup_sewer_entry_bowl,
          uniq_terence, uniq_jessica
D:4:      layout_loops_corners, kennysheep_mini_moat,
          minmay_temple_entry_statues_fountains
D:5:      layout_loops_ring, kennysheep_mini,
          minmay_guarded_unrand_staff_of_olgreb
D:6:      layout_loops_corners, nicolae_ru_sacrificial_ziggurat, uniq_duvessa
D:7:      layout_basic, grunt_livestock, tgw_kikubaaqudgha, uniq_joseph
D:8:      layout_basic, lemuel_crystal_altar, uniq_maurice
D:9:      cheibrodos_steamvent, layout_layer_cave, marbit_many_paths,
          lemuel_crystal_altar, lemuel_crystal_altar,
          eat_drink_and_be_merry_uskayaw, uniq_erolcha
D:10:     layout_rooms, dpeg_oklobed_lair, st_stairs_14, uniq_snorg,
          uniq_nergalle
D:11:     layout_irregular_city, david_defended_altar_orc
D:12:     layout_irregular_city, orc_0_dummy, portal_ice_cave_entry_ice_beasts,
          okawaru_humans, uniq_psyche
D:13:     layout_basic, david_vaults_1, kennysheep_generic_room_4
D:14:     layout_gridville, lemuel_altar_in_water, serial_shops, shop,
          st_stairs_7, eino_house_with_fridge
D:15:     grunt_enter_depths_hoard, layout_small_grid,
          grunt_dithmenos_smoke_and_mirrors
Temple:   cyrus_circular_temple
Lair:1:   layout_cave_pods, uniq_grum
Lair:2:   layout_roguey, minmay_swamp_entry_worms, dummy_snake_entry,
          lemuel_fruit_fields, serial_bayou_shore_b
Lair:3:   layout_loops_ring, beast_lair_carwin_8
Lair:4:   layout_regular_city, grunt_forest_small_clearings,
          infiniplex_staircase_pool_2, grunt_megastairs_3
Lair:5:   layout_small_grid, grunt_megastairs_1
Lair:6:   grunt_lair_end_beastmaster, layout_misc_corridors,
          nicolae_slime_entry_slimehenge, serial_forest,
          infiniplex_forest_lined_3, infiniplex_forest_lined_2,
          infiniplex_forest_lined_2, infiniplex_forest_straight_1,
          infiniplex_forest_lined_2, infiniplex_forest_end_double,
          infiniplex_forest_3_way, serial_bayou_shore_a, grunt_megastairs_2
Swamp:1:  layout_falls_marsh, evilmike_swamp_ruin_house_1, uniq_aizul,
          uniq_frances
Swamp:2:  layout_falls_marsh, hangedman_swamp_lotus
Swamp:3:  layout_basic_swamp, evilmike_swamp_ruin_wall, swamp_pool1, uniq_louise
Swamp:4:  swamp_icy, layout_basic_swamp
Orc:1:    layout_caves, bloody_trog
Orc:2:    st_orc_rangers, layout_caves, uniq_josephine

Skill      XL: |  1  2  3  4  5  6  7  8  9 10 11 12 13 14 15 16 |
---------------+-------------------------------------------------+-----
Invocations    | 1 2 3 4 5 6 7 8 9 10 11 | 11.6
Short Blades   | 1 2 3 4 5 6 7 8 9 10 | 10.7
Axes           | 1 2 3 4 5 6 7 8 9 10 | 10.7
Maces & Flails | 1 2 3 4 5 6 7 8 9 10 | 10.7
Polearms       | 1 2 3 4 5 6 7 8 9 10 | 10.7
Staves         | 1 2 3 4 5 6 7 8 9 10 | 10.7
Slings         | 1 2 3 4 5 6 7 8 9 10 | 10.7
Bows           | 1 2 3 4 5 6 7 8 9 10 | 10.7
Crossbows      | 1 2 3 4 5 6 7 8 9 10 | 10.7
Throwing       | 1 2 3 4 5 6 7 8 9 10 | 10.7
Armour         | 1 2 3 4 5 6 7 8 9 10 | 10.7
Shields        | 1 2 3 4 5 6 7 8 9 10 | 10.7
Unarmed Combat | 1 2 3 4 5 6 7 8 9 10 | 10.7
Spellcasting   | 1 2 3 4 5 6 7 8 9 10 | 10.7
Conjurations   | 1 2 3 4 5 6 7 8 9 |  9.1
Hexes          | 1 2 3 4 5 6 7 8 9 |  9.1
Charms         | 1 2 3 4 5 6 7 8 9 |  9.1
Summonings     | 1 2 3 4 5 6 7 8 9 |  9.1
Necromancy     | 1 2 3 4 5 6 7 8 9 |  9.1
Translocations | 1 2 3 4 5 6 7 8 9 |  9.1
Transmutations | 1 2 3 4 5 6 7 8 9 |  9.1
Fire Magic     | 1 2 3 4 5 6 7 8 9 |  9.1
Ice Magic      | 1 2 3 4 5 6 7 8 9 |  9.1
Earth Magic    | 1 2 3 4 5 6 7 8 9 |  9.1
Poison Magic   | 1 2 3 4 5 6 7 8 9 |  9.1
Fighting       | 3 4 5 6 7 8 9 10 11 | 11.0
Evocations     | 3 4 5 6 7 8 9 10 11 | 11.0
Stealth        | 3 4 5 6 7 8 9 10 11 | 11.0
Long Blades    | 5 6 7 8 9 10 11 | 11.6
Dodging        | 5 6 7 8 9 10 11 | 11.6
Air Magic      | 6 7 8 9 10 | 10.5

Action                   |  1- 3 |  4- 6 |  7- 9 | 10-12 | 13-15 | 16-18 || total
-------------------------+-------+-------+-------+-------+-------+-------++-------
Melee: Club              |    16 |       |       |       |       |       ||    16
       Short sword       |   114 |       |       |       |       |       ||   114
       Bite              |    10 |    18 |    12 |    94 |   267 |    39 ||   440
       Hand axe          |    10 |   247 |     6 |       |       |       ||   263
       Punch             |     1 |     2 |     1 |    23 |    83 |    20 ||   130
       Flail             |       |       |   100 |       |       |       ||   100
       Staff             |       |       |    57 |   446 |  1067 |   208 ||  1778
       Unarmed           |       |       |     8 |       |       |       ||     8
 Cast: Poisonous Vapours |     1 |    27 |    42 |    67 |    60 |     6 ||   203
       Summon Ice Beast  |       |       |       |     4 |   171 |   145 ||   320
Invok: Bend Time         |       |       |     1 |     4 |     3 |       ||     8
Evoke: Staff of Olgreb   |       |       |     6 |    51 |    79 |    19 ||   155
       Wand              |       |       |       |     8 |    17 |    14 ||    39
  Use: Scroll            |     3 |     6 |    10 |     7 |    12 |     1 ||    39
       Potion            |       |     1 |    10 |     3 |     2 |       ||    16
 Stab: Sleeping          |       |     2 |     5 |     5 |     7 |       ||    19
       Paralysed         |       |       |       |       |    11 |       ||    11
       Distracted        |       |       |       |       |    16 |     8 ||    24
  Eat: Chunk             |     2 |    12 |     8 |    14 |    25 |     3 ||    64
       Ration            |       |       |     1 |       |     1 |     2 ||     4
Armor: Leather armour    |     8 |       |       |       |       |       ||     8
       Ring mail         |    26 |    73 |    75 |    15 |       |       ||   189
       Scale mail        |       |    12 |     1 |       |       |       ||    13
       Plate armour      |       |       |       |    52 |       |       ||    52
       Chain mail        |       |       |       |    88 |   382 |   109 ||   579
Dodge: Dodged            |    77 |   164 |   181 |   486 |  1191 |   202 ||  2301

Table legend:
 A = Non-vault XP
 B = Vault XP
 C = Vault XP percentage of total XP
 D = Non-vault monster count
 E = Vault monster count
 F = Vault count percentage of total count
                 A         B        C        D         E       F
            +---------+---------+-------+---------+---------+-------
      Total |  116773 |   42476 |  26.7 |     681 |     219 |  24.3
            +---------+---------+-------+---------+---------+-------
        D:1 |      61 |       0 |   0.0 |      37 |       0 |   0.0
        D:2 |      59 |      39 |  39.8 |      18 |       1 |   5.3
        D:3 |      61 |      86 |  58.5 |      15 |       6 |  28.6
        D:4 |     484 |       0 |   0.0 |      12 |       0 |   0.0
        D:5 |     281 |    1355 |  82.8 |      16 |      18 |  52.9
        D:6 |     584 |     226 |  27.9 |      16 |       2 |  11.1
        D:7 |     377 |    1424 |  79.1 |       8 |       6 |  42.9
        D:8 |    2693 |     469 |  14.8 |      42 |       1 |   2.3
        D:9 |    3743 |    1405 |  27.3 |      38 |       4 |   9.5
       D:10 |    1584 |    2637 |  62.5 |      28 |       5 |  15.2
       D:11 |    6487 |     126 |   1.9 |      42 |       3 |   6.7
       D:12 |    2485 |    1803 |  42.0 |      27 |      11 |  28.9
       D:13 |    5088 |    1000 |  16.4 |      30 |       4 |  11.8
       D:14 |    9445 |     845 |   8.2 |      38 |      13 |  25.5
       D:15 |   12679 |    1007 |   7.4 |      31 |       1 |   3.1
     Lair:1 |    3828 |     665 |  14.8 |      13 |       5 |  27.8
     Lair:2 |    4633 |     474 |   9.3 |      25 |       2 |   7.4
     Lair:3 |    7695 |     924 |  10.7 |      27 |       8 |  22.9
     Lair:4 |    7907 |     822 |   9.4 |      34 |       5 |  12.8
     Lair:5 |    4149 |     664 |  13.8 |      21 |       1 |   4.5
     Lair:6 |   13777 |   12937 |  48.4 |      47 |      28 |  37.3
    Swamp:1 |    6790 |    3158 |  31.7 |      20 |       2 |   9.1
    Swamp:2 |    7617 |    1294 |  14.5 |      23 |       1 |   4.2
    Swamp:3 |    1967 |       0 |   0.0 |      10 |       0 |   0.0
    Swamp:4 |    9223 |    2772 |  23.1 |      32 |      21 |  39.6
      Orc:1 |     106 |       0 |   0.0 |       4 |       0 |   0.0
      Orc:2 |    2970 |    6230 |  67.7 |      27 |      43 |  61.4
      Sewer |       0 |     114 | 100.0 |       0 |      28 | 100.0
            +---------+---------+-------+---------+---------+-------
